AoeStats
← FC_M@sTer

Nomad

508367784Analyzed
3v3 RM · 11d ago on Sep 22, 2026· 73m 23s· 6 players
Game mode
Random Map
Map size
210×210
Population
200
Speed
Normal
Resources
Standard
Victory
Conquest
Starting age
Dark Age
Ending age
Imperial Age
RankedLock teamsTeams togetherTeam positionsShared explorationLock speedFull tech treeHidden civsTurbo modeCheats
Victory
Defeat
🇨🇴 Gurjaras · Colombia
1364
+11
1279
+15
🇨🇴 Khmer · Colombia
929
+28
1301
-20
🇵🇪 Franks · Peru
1213
-17
🇵🇪 Bohemians · Peru
1204
-17
FC_M@sTer
5:06 Loom
13:31 Feudal Age
18:23 Castle Age
24:48 Fletching
50:38 Bloodlines
54:59 Imperial Age
55:07 Scale Barding Armor
61:00 Forging
65:36 Scale Mail Armor
70:11 Iron Casting
71:18 Bodkin Arrow
71:56 Conscription
72:51 Double-Bit Axe
72:57 Horse Collar
73:35 Chain Mail Armor
FC_Satuplese
4:51 Loom
13:02 Feudal Age
17:08 Double-Bit Axe
22:24 Scale Barding Armor
22:29 Forging
23:03 Horse Collar
27:44 Castle Age
26:12 Bloodlines
28:48 Husbandry
29:24 Gold Mining
29:50 Bow Saw
30:45 Chain Barding Armor
30:51 Pikeman
41:38 Wheelbarrow
45:39 Scale Mail Armor
49:22 Light Cavalry
51:49 Hand Cart
51:21 Town Watch
52:31 Iron Casting
53:43 Town Patrol
55:35 Town Patrol
59:48 Imperial Age
62:43 Chain Mail Armor
67:00 Conscription
66:48 Capped Ram
70:11 Hoardings
FC_Proyecto_El_Conquistador_X
6:03 Loom
13:44 Feudal Age
18:24 Castle Age
16:53 Double-Bit Axe
16:52 Horse Collar
18:56 Wheelbarrow
19:30 Bow Saw
23:28 Scale Barding Armor
25:30 Forging
30:56 Bloodlines
31:42 Heavy Plow
34:18 Chain Barding Armor
34:34 Iron Casting
35:41 Hand Cart
40:35 Imperial Age
38:47 Gold Mining
39:38 Scale Mail Armor
40:47 Cavalier
42:05 Plate Barding Armor
42:30 Blast Furnace
41:46 Chain Mail Armor
41:58 Conscription
42:24 Paladin
46:27 Plate Mail Armor
49:34 Squires
49:20 Gambesons
49:21 Arson
56:40 Elite Teutonic Knight
60:57 Crenellations
62:50 Elite Skirmisher
63:22 Fletching
63:33 Padded Archer Armor
64:52 Ballistics
65:34 Chemistry
66:28 Bodkin Arrow
66:49 Leather Archer Armor
El gato feroz
3:59 Loom
16:54 Feudal Age
17:24 Double-Bit Axe
21:42 Castle Age
20:11 Scale Barding Armor
23:22 Chain Barding Armor
23:12 Forging
29:02 Horse Collar
30:32 Wheelbarrow
31:47 Bow Saw
33:12 Heavy Plow
33:49 Iron Casting
32:38 Pikeman
33:34 Fletching
34:56 Squires
34:58 Scale Mail Armor
38:26 Imperial Age
37:56 Hand Cart
38:03 Chain Mail Armor
38:28 Bodkin Arrow
39:39 Coinage
40:47 Chemistry
40:07 Ballistics
41:03 Conscription
40:13 Elite Hussite Wagon
40:58 Bracer
45:53 Blast Furnace
46:06 Plate Mail Armor
44:58 Halberdier
✪♛ Chapulin el dulce
5:14 Loom
13:40 Feudal Age
14:35 Double-Bit Axe
15:25 Gold Mining
21:30 Castle Age
21:23 Scale Barding Armor
21:13 Fishing Lines
24:02 Chain Barding Armor
25:04 Medium Warships
29:17 Bloodlines
29:09 Husbandry
30:29 Gillnets
37:40 Gold Shaft Mining
40:55 Imperial Age
39:05 Wheelbarrow
40:44 Pikeman
41:37 Scale Mail Armor
42:15 Conscription
41:45 Halberdier
42:43 Chain Mail Armor
44:02 Cavalier
52:40 Plate Barding Armor
52:49 Paladin
ubertorresr
3:13 Loom
13:36 Feudal Age
16:32 Fletching
18:45 Forging
22:52 Castle Age
23:19 Pikeman
25:02 Iron Casting
25:11 Fishing Lines
33:50 Scale Mail Armor
33:48 Double-Bit Axe
34:11 Gillnets
42:15 Imperial Age
42:27 Bow Saw
44:18 Blast Furnace
44:06 Scale Barding Armor
45:01 Husbandry
46:18 Chain Barding Armor
61:22 Plate Barding Armor
69:25 Light Cavalry
Connection lost

Rejoining the realm…

Still unreachable

The connection could not be restored.

Session expired

The server has moved on; the page needs a fresh start.